Capitals vs Flyers

Created - November 23 2010 at 18:02

Goals
1 2 3 OT1 SO T
Capitals 1 0 1 0 2 3
Flyers 0 0 2 0 1 2
Shots
1 2 3 OT1 SO T
Capitals 10 3 6 1 4 20
Flyers 6 12 8 3 4 29

Period #1

1. Capitals , Matt Bradley 4 (Steve Eminger) at 15:27

Penalties :
Jochen Hecht (PHI) for Slashing (Double Minor) at 0:46, Mike Green (WSH) for Holding (Minor) at 0:46, Douglas Murray (WSH) for Interference (Minor) at 0:53, Mike Green (WSH) for Tripping (Minor) at 6:29, Shaone Morrisonn (WSH) for Hooking (Minor) at 9:44, Douglas Murray (WSH) for Hooking (Minor) at 10:11, Shaone Morrisonn (WSH) for Interference (Minor) at 13:20, Glen Metropolit (PHI) for Hooking (Minor) at 16:15

Period #2

No Goal

Penalties :
Shaone Morrisonn (WSH) for Hooking (Minor) at 2:31, Shaone Morrisonn (WSH) for Tripping (Minor) at 5:10, Glen Metropolit (PHI) for Holding (Minor) at 10:55, Jeff Halpern (WSH) for Boarding (Minor) at 13:55, Mike Green (WSH) for Roughing (Minor) at 16:29, Douglas Murray (WSH) for Holding (Minor) at 17:16

Period #3

2. Flyers , Lee Stempniak 5 (Alexandre Picard, Glen Metropolit) at 3:25
3. Capitals , Alexander Semin 21 (Mike Green, Alexander Ovechkin) at 13:08
4. Flyers , Brendan Morrison 6 (Rob Blake, Niklas Hagman) at 14:19 (PP)

Penalties :
Rob Blake (PHI) for Tripping (Minor) at 3:36, Rostislav Klesla (PHI) for Cross-checking (Minor) at 7:16, Andrei Markov (PHI) for Elbowing (Minor) at 8:49, Steve Eminger (WSH) for Interference (Minor) at 13:25

Overtime #1

No Goal

Penalties :
No Penalty

Shootout

Penalty Shot by Alexander Ovechkin for Capitals - Stopped by Tomas Vokoun
Penalty Shot by Tim Connolly for Flyers - Shot Misses the Net
Penalty Shot by Ryane Clowe for Capitals - Stopped by Tomas Vokoun
Penalty Shot by Jochen Hecht for Flyers - Shot Misses the Net
Penalty Shot by Tomas Fleischmann for Capitals - Goal!
Penalty Shot by Niklas Hagman for Flyers - Goal!
Penalty Shot by Alexei Kovalev for Capitals - Goal!
Penalty Shot by Brendan Morrison for Flyers - Stopped by Jimmy Howard

Penalties :
No Penalty

Goalie Stats

Jimmy Howard (WSH), 27 saves from 29 shots - (0.931), W, 9-5-1, 65:00 minutes
Tomas Vokoun (PHI), 18 saves from 20 shots - (0.900), OTL, 8-7-3, 65:00 minutes

Players Stats

Capitals
Player Name              G  A  P  +/- PIM S  H  SB FO    MP 
------------------------------------------------------------
Alexander Ovechkin       0  1  1   0  0   1  1  0  5/11  23 
Alexander Semin          1  0  1   1  0   3  0  0  0/0   15 
Alexei Kovalev           0  0  0  -1  0   0  0  0  1/1   15 
Boyd Gordon              0  0  0   1  0   1  0  1  13/23 17 
Brian Sutherby           0  0  0   0  0   0  0  0  2/5   4  
Douglas Murray           0  0  0   0  6   1  2  2  0/0   20 
Jeff Halpern             0  0  0   0  2   0  2  0  11/26 20 
Kimmo Timonen            0  0  0  -1  0   2  0  0  0/0   26 
Matt Bradley             1  0  1   1  0   1  0  0  0/0   10 
Matt Cooke               0  0  0   0  0   0  1  1  0/2   10 
Matt Stajan              0  0  0   0  0   4  0  0  2/11  18 
Mike Green               0  1  1   0  6   0  4  3  0/0   25 
Ryane Clowe              0  0  0   1  0   4  2  0  0/1   13 
Shaone Morrisonn         0  0  0   1  8   0  4  2  0/0   15 
Steve Eminger            0  1  1   1  2   0  0  0  0/0   15 
Tomas Fleischmann        0  0  0   0  0   2  0  1  2/3   20 
Trent Hunter             0  0  0   1  0   1  0  0  0/0   9  
Willie Mitchell          0  0  0   0  0   0  0  0  0/0   22 
Flyers
Player Name              G  A  P  +/- PIM S  H  SB FO    MP 
------------------------------------------------------------
Alexandre Picard         0  1  1  -1  0   1  2  0  1/1   14 
Andrei Markov            0  0  0   0  2   2  1  0  0/0   21 
Brendan Morrison         1  0  1   0  0   6  1  0  13/20 24 
Chris Pronger            0  0  0   0  0   5  1  0  0/0   26 
Glen Metropolit          0  1  1   0  4   1  0  0  10/14 17 
Jochen Hecht             0  0  0   0  4   1  1  0  0/1   20 
Justin Williams          0  0  0   0  0   1  2  0  1/1   13 
Kevin Bieksa             0  0  0   0  0   0  1  1  0/0   23 
Kurt Sauer               0  0  0   0  0   0  0  0  0/0   7  
Kyle Brodziak            0  0  0  -1  0   0  0  0  3/6   8  
Ladislav Smid            0  0  0  -1  0   0  1  1  0/0   18 
Lee Stempniak            1  0  1  -1  0   3  1  0  0/0   12 
Niklas Hagman            0  1  1   0  0   2  2  0  7/12  24 
Petr Prucha              0  0  0   0  0   0  1  0  0/0   6  
Radim Vrbata             0  0  0   0  0   4  0  0  0/0   16 
Rob Blake                0  1  1   0  2   2  0  0  0/0   22 
Rostislav Klesla         0  0  0  -1  2   0  1  0  0/0   12 
Tim Connolly             0  0  0   0  0   1  1  1  12/28 25 

3 Stars

1 - Alexander Semin (WSH)
2 - Matt Bradley (WSH)
3 - Brendan Morrison (PHI)

Power Play

Capitals - 0 on 5 Attempt(s) - 0.00%
Flyers - 1 on 11 Attempt(s) - 9.09%

Penalty Kill

Capitals - 10 on 11 Attempt(s) - 90.91% - Score 0 goal in Penalty Kill
Flyers - 5 on 5 Attempt(s) - 100.00% - Score 0 goal in Penalty Kill

Game Notes

No Game Note

Finance

Level 1 -- Attendance: 5362 (82.49%) -- Ticket Income $509,390.00
Level 2 -- Attendance: 3624 (72.48%) -- Ticket Income $195,696.00
Level 3 -- Attendance: 2851 (81.46%) -- Ticket Income $99,785.00
Level 4 -- Attendance: 2972 (84.46%) -- Ticket Income $44,580.00
Luxury Box -- Attendance: 857 (85.70%) -- Ticket Income $164,544.00
Game was played at the Wachovia Center
Total Attendance: 15666 (80.26%)
Total Ticket Income: $1,107,820.00
Other Income: $202,629.90
Total Income: $1,310,450.00


Play by Play

Period #1

0:01 of 1st period - Tim Connolly wins face-off versus Alexander Ovechkin in neutral zone.
0:04 of 1st period - Mike Green is hit by Tim Connolly.
0:44 of 1st period - Jochen Hecht is hit by Mike Green and loses puck.
0:46 of 1st period - Double Minor Penalty to Jochen Hecht for Slashing.
0:46 of 1st period - Minor Penalty to Mike Green for Holding.
0:47 of 1st period - Niklas Hagman wins face-off versus Tomas Fleischmann in Capitals zone.
0:53 of 1st period - Minor Penalty to Douglas Murray for Interference.
0:54 of 1st period - Niklas Hagman wins face-off versus Jeff Halpern in Capitals zone.
1:59 of 1st period - Shot by Glen Metropolit.
1:59 of 1st period - Shot Misses the Net.
2:40 of 1st period - Icing by Brendan Morrison.
2:41 of 1st period - Niklas Hagman wins face-off versus Jeff Halpern in Flyers zone.
3:14 of 1st period - Shot by Mike Green.
3:14 of 1st period - Deflect By Alexander Ovechkin.
3:14 of 1st period - Stopped by Tomas Vokoun with a rebound.
3:16 of 1st period - Shot by Tomas Fleischmann.
3:16 of 1st period - Deflect By Matt Stajan.
3:16 of 1st period - Shot Misses the Net.
3:18 of 1st period - Shot by Alexander Ovechkin.
3:18 of 1st period - Deflect By Matt Stajan.
3:18 of 1st period - Stopped by Tomas Vokoun without a rebound.
3:19 of 1st period - Jeff Halpern wins face-off versus Tim Connolly in Flyers zone.
3:19 of 1st period - Alexander Semin is hit by Andrei Markov and loses puck.
3:32 of 1st period - Shot by Trent Hunter.
3:32 of 1st period - Stopped by Tomas Vokoun with a rebound.
3:34 of 1st period - Shot by Kimmo Timonen.
3:34 of 1st period - Shot Misses the Net.
3:36 of 1st period - Shot by Kimmo Timonen.
3:36 of 1st period - Stopped by Tomas Vokoun with a rebound.
3:38 of 1st period - Shot by Douglas Murray.
3:38 of 1st period - Shot Misses the Net.
3:40 of 1st period - Shot by Kimmo Timonen.
3:40 of 1st period - Stopped by Tomas Vokoun without a rebound.
3:41 of 1st period - Niklas Hagman wins face-off versus Matt Stajan in Flyers zone.
3:59 of 1st period - Shot by Matt Stajan.
3:59 of 1st period - Stopped by Tomas Vokoun without a rebound.
4:00 of 1st period - Glen Metropolit wins face-off versus Jeff Halpern in Flyers zone.
4:11 of 1st period - Shot by Douglas Murray.
4:11 of 1st period - Shot Misses the Net.
4:59 of 1st period - Matt Bradley is hit by Ladislav Smid and loses puck.
6:29 of 1st period - Minor Penalty to Mike Green for Tripping.
6:30 of 1st period - Boyd Gordon wins face-off versus Brendan Morrison in Capitals zone.
6:40 of 1st period - Radim Vrbata is hit by Shaone Morrisonn and loses puck.
7:24 of 1st period - Icing by Glen Metropolit.
7:25 of 1st period - Glen Metropolit wins face-off versus Jeff Halpern in Flyers zone.
7:27 of 1st period - Icing by Chris Pronger.
7:28 of 1st period - Jeff Halpern wins face-off versus Jochen Hecht in Flyers zone.
7:45 of 1st period - Shot by Andrei Markov.
7:45 of 1st period - Shot Misses the Net.
7:47 of 1st period - Shot by Chris Pronger.
7:47 of 1st period - Stopped by Jimmy Howard without a rebound.
7:48 of 1st period - Brendan Morrison wins face-off versus Boyd Gordon in Capitals zone.
7:49 of 1st period - Shot by Kevin Bieksa.
7:49 of 1st period - Shot Blocked by Matt Cooke.
8:21 of 1st period - Icing by Radim Vrbata.
8:22 of 1st period - Brendan Morrison wins face-off versus Matt Cooke in Flyers zone.
8:33 of 1st period - Shot by Alexandre Picard.
8:33 of 1st period - Deflect By Glen Metropolit.
8:33 of 1st period - Shot Misses the Net.
8:58 of 1st period - Shot by Glen Metropolit.
8:58 of 1st period - Shot Misses the Net.
9:00 of 1st period - Shot by Lee Stempniak.
9:00 of 1st period - Stopped by Jimmy Howard without a rebound.
9:01 of 1st period - Boyd Gordon wins face-off versus Tim Connolly in Capitals zone.
9:07 of 1st period - Icing by Steve Eminger.
9:08 of 1st period - Boyd Gordon wins face-off versus Kyle Brodziak in Capitals zone.
9:44 of 1st period - Minor Penalty to Shaone Morrisonn for Hooking.
9:45 of 1st period - Jeff Halpern wins face-off versus Brendan Morrison in Capitals zone.
10:08 of 1st period - Shot by Radim Vrbata.
10:08 of 1st period - Stopped by Jimmy Howard without a rebound.
10:09 of 1st period - Glen Metropolit wins face-off versus Jeff Halpern in Capitals zone.
10:10 of 1st period - Shot by Andrei Markov.
10:10 of 1st period - Stopped by Jimmy Howard without a rebound.
10:11 of 1st period - Tim Connolly wins face-off versus Jeff Halpern in Capitals zone.
10:11 of 1st period - Minor Penalty to Douglas Murray for Hooking.
10:12 of 1st period - Jeff Halpern wins face-off versus Tim Connolly in Capitals zone.
11:20 of 1st period - Icing by Rob Blake.
11:21 of 1st period - Brendan Morrison wins face-off versus Alexander Ovechkin in Flyers zone.
11:58 of 1st period - Shot by Andrei Markov.
11:58 of 1st period - Stopped by Jimmy Howard with a rebound.
12:00 of 1st period - Shot by Andrei Markov.
12:00 of 1st period - Shot Blocked by Tomas Fleischmann.
12:49 of 1st period - Icing by Rostislav Klesla.
12:50 of 1st period - Boyd Gordon wins face-off versus Glen Metropolit in Flyers zone.
12:51 of 1st period - Shot by Ryane Clowe.
12:51 of 1st period - Shot Misses the Net.
13:19 of 1st period - Shot by Petr Prucha.
13:19 of 1st period - Shot Blocked by Boyd Gordon.
13:20 of 1st period - Minor Penalty to Shaone Morrisonn for Interference.
13:21 of 1st period - Jeff Halpern wins face-off versus Brendan Morrison in Capitals zone.
13:32 of 1st period - Shot by Kevin Bieksa.
13:32 of 1st period - Shot Misses the Net.
15:16 of 1st period - Alexander Ovechkin is hit by Niklas Hagman and loses puck.
15:27 of 1st period - Shot by Matt Bradley.
15:27 of 1st period - Goal by Matt Bradley - Capitals : 1 - Flyers : 0.
15:28 of 1st period - Matt Stajan wins face-off versus Glen Metropolit in neutral zone.
15:35 of 1st period - Shot by Matt Stajan.
15:35 of 1st period - Stopped by Tomas Vokoun without a rebound.
15:36 of 1st period - Glen Metropolit wins face-off versus Matt Stajan in Flyers zone.
15:41 of 1st period - Kimmo Timonen is hit by Alexandre Picard and loses puck.
16:15 of 1st period - Minor Penalty to Glen Metropolit for Hooking.
16:16 of 1st period - Jeff Halpern wins face-off versus Niklas Hagman in Flyers zone.
16:41 of 1st period - Shot by Trent Hunter.
16:41 of 1st period - Shot Misses the Net.
16:43 of 1st period - Shot by Willie Mitchell.
16:43 of 1st period - Shot Misses the Net.
17:32 of 1st period - Shot by Alexander Semin.
17:32 of 1st period - Shot Misses the Net.
17:34 of 1st period - Shot by Douglas Murray.
17:34 of 1st period - Stopped by Tomas Vokoun without a rebound.
17:35 of 1st period - Jeff Halpern wins face-off versus Tim Connolly in Flyers zone.
18:37 of 1st period - Shot by Ryane Clowe.
18:37 of 1st period - Deflect By Boyd Gordon.
18:37 of 1st period - Stopped by Tomas Vokoun without a rebound.
18:38 of 1st period - Brendan Morrison wins face-off versus Boyd Gordon in Flyers zone.
19:11 of 1st period - Shot by Brendan Morrison.
19:11 of 1st period - Stopped by Jimmy Howard without a rebound.
19:12 of 1st period - Glen Metropolit wins face-off versus Alexander Ovechkin in Capitals zone.
19:52 of 1st period - Icing by Matt Stajan.
19:53 of 1st period - Alexander Ovechkin wins face-off versus Kyle Brodziak in Capitals zone.
19:55 of 1st period - Icing by Mike Green.
19:56 of 1st period - Alexei Kovalev wins face-off versus Tim Connolly in Capitals zone.
19:56 of 1st period - Alexei Kovalev is hit by Jochen Hecht.

Period #2

0:01 of 2nd period - Tim Connolly wins face-off versus Matt Stajan in neutral zone.
0:03 of 2nd period - Chris Pronger is hit by Mike Green and loses puck.
2:02 of 2nd period - Niklas Hagman is hit by Shaone Morrisonn and loses puck.
2:20 of 2nd period - Lee Stempniak is hit by Shaone Morrisonn and loses puck.
2:24 of 2nd period - Alexandre Picard is hit by Shaone Morrisonn.
2:26 of 2nd period - Shot by Lee Stempniak.
2:26 of 2nd period - Shot Misses the Net.
2:31 of 2nd period - Minor Penalty to Shaone Morrisonn for Hooking.
2:32 of 2nd period - Boyd Gordon wins face-off versus Tim Connolly in Capitals zone.
2:44 of 2nd period - Shot by Chris Pronger.
2:44 of 2nd period - Stopped by Jimmy Howard with a rebound.
2:46 of 2nd period - Shot by Chris Pronger.
2:46 of 2nd period - Shot Misses the Net.
2:48 of 2nd period - Shot by Chris Pronger.
2:48 of 2nd period - Shot Misses the Net.
2:50 of 2nd period - Shot by Chris Pronger.
2:50 of 2nd period - Stopped by Jimmy Howard without a rebound.
2:51 of 2nd period - Boyd Gordon wins face-off versus Brendan Morrison in Capitals zone.
3:08 of 2nd period - Shot by Radim Vrbata.
3:08 of 2nd period - Stopped by Jimmy Howard without a rebound.
3:09 of 2nd period - Tim Connolly wins face-off versus Jeff Halpern in Capitals zone.
3:10 of 2nd period - Shot by Andrei Markov.
3:10 of 2nd period - Shot Misses the Net.
3:59 of 2nd period - Shot by Rob Blake.
3:59 of 2nd period - Stopped by Jimmy Howard without a rebound.
4:00 of 2nd period - Glen Metropolit wins face-off versus Boyd Gordon in Capitals zone.
4:05 of 2nd period - Shot by Glen Metropolit.
4:05 of 2nd period - Stopped by Jimmy Howard without a rebound.
4:06 of 2nd period - Boyd Gordon wins face-off versus Brendan Morrison in Capitals zone.
4:42 of 2nd period - Shot by Mike Green.
4:42 of 2nd period - Shot Misses the Net.
4:46 of 2nd period - Shot by Alexander Semin.
4:46 of 2nd period - Shot Misses the Net.
4:50 of 2nd period - Shot by Kimmo Timonen.
4:50 of 2nd period - Shot Misses the Net.
4:54 of 2nd period - Shot by Alexander Semin.
4:54 of 2nd period - Stopped by Tomas Vokoun without a rebound.
4:55 of 2nd period - Boyd Gordon wins face-off versus Kyle Brodziak in Flyers zone.
5:02 of 2nd period - Shot by Boyd Gordon.
5:02 of 2nd period - Shot Blocked by Tim Connolly.
5:10 of 2nd period - Minor Penalty to Shaone Morrisonn for Tripping.
5:11 of 2nd period - Alexander Ovechkin wins face-off versus Tim Connolly in Capitals zone.
6:06 of 2nd period - Shot by Radim Vrbata.
6:06 of 2nd period - Deflect By Brendan Morrison.
6:06 of 2nd period - Shot Misses the Net.
6:10 of 2nd period - Shot by Radim Vrbata.
6:10 of 2nd period - Shot Misses the Net.
6:12 of 2nd period - Shot by Radim Vrbata.
6:12 of 2nd period - Stopped by Jimmy Howard without a rebound.
6:13 of 2nd period - Jeff Halpern wins face-off versus Glen Metropolit in Capitals zone.
6:30 of 2nd period - Shot by Andrei Markov.
6:30 of 2nd period - Shot Blocked by Douglas Murray.
6:32 of 2nd period - Shot by Chris Pronger.
6:32 of 2nd period - Shot Blocked by Douglas Murray.
7:59 of 2nd period - Shot by Ryane Clowe.
7:59 of 2nd period - Stopped by Tomas Vokoun without a rebound.
8:00 of 2nd period - Kyle Brodziak wins face-off versus Jeff Halpern in Flyers zone.
8:00 of 2nd period - Kyle Brodziak is hit by Jeff Halpern.
8:28 of 2nd period - Douglas Murray is hit by Petr Prucha and loses puck.
9:02 of 2nd period - Ryane Clowe is hit by Chris Pronger and loses puck.
9:23 of 2nd period - Tim Connolly is hit by Mike Green and loses puck.
9:55 of 2nd period - Mike Green is hit by Brendan Morrison and loses puck.
10:29 of 2nd period - Shot by Tomas Fleischmann.
10:29 of 2nd period - Stopped by Tomas Vokoun without a rebound.
10:30 of 2nd period - Glen Metropolit wins face-off versus Boyd Gordon in Flyers zone.
10:30 of 2nd period - Glen Metropolit is hit by Ryane Clowe.
10:55 of 2nd period - Minor Penalty to Glen Metropolit for Holding.
10:56 of 2nd period - Niklas Hagman wins face-off versus Jeff Halpern in Flyers zone.
12:22 of 2nd period - Icing by Mike Green.
12:23 of 2nd period - Tim Connolly wins face-off versus Matt Stajan in Capitals zone.
12:56 of 2nd period - Shot by Matt Bradley.
12:56 of 2nd period - Shot Misses the Net.
13:14 of 2nd period - Shot by Lee Stempniak.
13:14 of 2nd period - Shot Blocked by Shaone Morrisonn.
13:22 of 2nd period - Shot by Lee Stempniak.
13:22 of 2nd period - Shot Misses the Net.
13:24 of 2nd period - Shot by Rostislav Klesla.
13:24 of 2nd period - Shot Blocked by Shaone Morrisonn.
13:55 of 2nd period - Minor Penalty to Jeff Halpern for Boarding.
13:56 of 2nd period - Brendan Morrison wins face-off versus Brian Sutherby in Capitals zone.
13:59 of 2nd period - Shot by Niklas Hagman.
13:59 of 2nd period - Stopped by Jimmy Howard with a rebound.
14:01 of 2nd period - Shot by Brendan Morrison.
14:01 of 2nd period - Stopped by Jimmy Howard without a rebound.
14:02 of 2nd period - Brendan Morrison wins face-off versus Alexander Ovechkin in Capitals zone.
14:13 of 2nd period - Shot by Radim Vrbata.
14:13 of 2nd period - Shot Misses the Net.
14:17 of 2nd period - Shot by Brendan Morrison.
14:17 of 2nd period - Stopped by Jimmy Howard without a rebound.
14:18 of 2nd period - Brian Sutherby wins face-off versus Tim Connolly in Capitals zone.
16:04 of 2nd period - Off-side.
16:05 of 2nd period - Glen Metropolit wins face-off versus Matt Stajan in neutral zone.
16:05 of 2nd period - Glen Metropolit is hit by Alexander Ovechkin.
16:11 of 2nd period - Shot by Lee Stempniak.
16:11 of 2nd period - Stopped by Jimmy Howard with a rebound.
16:14 of 2nd period - Lee Stempniak is hit by Mike Green and loses puck.
16:29 of 2nd period - Shot by Alexandre Picard.
16:29 of 2nd period - Stopped by Jimmy Howard without a rebound.
16:29 of 2nd period - Minor Penalty to Mike Green for Roughing.
16:30 of 2nd period - Jeff Halpern wins face-off versus Brendan Morrison in Capitals zone.
16:49 of 2nd period - Off-side.
16:50 of 2nd period - Tim Connolly wins face-off versus Boyd Gordon in neutral zone.
17:01 of 2nd period - Icing by Chris Pronger.
17:02 of 2nd period - Tim Connolly wins face-off versus Jeff Halpern in Flyers zone.
17:16 of 2nd period - Minor Penalty to Douglas Murray for Holding.
17:17 of 2nd period - Brendan Morrison wins face-off versus Boyd Gordon in Capitals zone.
17:24 of 2nd period - Shot by Niklas Hagman.
17:24 of 2nd period - Deflect By Brendan Morrison.
17:24 of 2nd period - Stopped by Jimmy Howard with a rebound.
17:59 of 2nd period - Willie Mitchell is hit by Justin Williams and loses puck.
18:44 of 2nd period - Shot by Rob Blake.
18:44 of 2nd period - Shot Misses the Net.
19:20 of 2nd period - Icing by Alexandre Picard.
19:21 of 2nd period - Glen Metropolit wins face-off versus Matt Stajan in Flyers zone.

Period #3

0:01 of 3rd period - Matt Stajan wins face-off versus Tim Connolly in neutral zone.
0:11 of 3rd period - Shot by Tim Connolly.
0:11 of 3rd period - Deflect By Jochen Hecht.
0:11 of 3rd period - Stopped by Jimmy Howard without a rebound.
0:12 of 3rd period - Brendan Morrison wins face-off versus Jeff Halpern in Capitals zone.
0:12 of 3rd period - Brendan Morrison is hit by Douglas Murray.
1:28 of 3rd period - Icing by Kimmo Timonen.
1:29 of 3rd period - Tim Connolly wins face-off versus Matt Stajan in Capitals zone.
1:34 of 3rd period - Shot by Justin Williams.
1:34 of 3rd period - Stopped by Jimmy Howard without a rebound.
1:35 of 3rd period - Alexandre Picard wins face-off versus Boyd Gordon in Capitals zone.
1:42 of 3rd period - Shot by Matt Bradley.
1:42 of 3rd period - Shot Blocked by Ladislav Smid.
1:46 of 3rd period - Shot by Ryane Clowe.
1:46 of 3rd period - Stopped by Tomas Vokoun without a rebound.
1:47 of 3rd period - Tim Connolly wins face-off versus Matt Stajan in Flyers zone.
2:05 of 3rd period - Shot by Matt Stajan.
2:05 of 3rd period - Stopped by Tomas Vokoun without a rebound.
2:06 of 3rd period - Glen Metropolit wins face-off versus Boyd Gordon in Flyers zone.
2:11 of 3rd period - Boyd Gordon is hit by Alexandre Picard.
2:25 of 3rd period - Shot by Matt Bradley.
2:25 of 3rd period - Shot Misses the Net.
2:27 of 3rd period - Shot by Boyd Gordon.
2:27 of 3rd period - Deflect By Ryane Clowe.
2:27 of 3rd period - Stopped by Tomas Vokoun without a rebound.
2:28 of 3rd period - Kyle Brodziak wins face-off versus Alexander Ovechkin in Flyers zone.
3:23 of 3rd period - Shot by Alexandre Picard.
3:23 of 3rd period - Shot Misses the Net.
3:25 of 3rd period - Shot by Lee Stempniak.
3:25 of 3rd period - Goal by Lee Stempniak - Capitals : 1 - Flyers : 1.
3:26 of 3rd period - Brendan Morrison wins face-off versus Jeff Halpern in neutral zone.
3:36 of 3rd period - Minor Penalty to Rob Blake for Tripping.
3:37 of 3rd period - Jeff Halpern wins face-off versus Niklas Hagman in Flyers zone.
5:34 of 3rd period - Icing by Steve Eminger.
5:35 of 3rd period - Brian Sutherby wins face-off versus Niklas Hagman in Capitals zone.
5:42 of 3rd period - Icing by Shaone Morrisonn.
5:43 of 3rd period - Kyle Brodziak wins face-off versus Boyd Gordon in Capitals zone.
6:02 of 3rd period - Shot by Boyd Gordon.
6:02 of 3rd period - Shot Misses the Net.
7:16 of 3rd period - Minor Penalty to Rostislav Klesla for Cross-checking.
7:17 of 3rd period - Niklas Hagman wins face-off versus Jeff Halpern in Flyers zone.
8:49 of 3rd period - Minor Penalty to Andrei Markov for Elbowing.
8:50 of 3rd period - Tim Connolly wins face-off versus Matt Cooke in Flyers zone.
10:43 of 3rd period - Shot by Willie Mitchell.
10:43 of 3rd period - Shot Hit the Post.
10:45 of 3rd period - Shot by Willie Mitchell.
10:45 of 3rd period - Shot Misses the Net.
10:49 of 3rd period - Shot by Jeff Halpern.
10:49 of 3rd period - Deflect By Matt Bradley.
10:49 of 3rd period - Shot Misses the Net.
12:23 of 3rd period - Kimmo Timonen is hit by Lee Stempniak and loses puck.
12:57 of 3rd period - Alexander Ovechkin is hit by Rostislav Klesla and loses puck.
13:04 of 3rd period - Shot by Alexander Ovechkin.
13:04 of 3rd period - Shot Misses the Net.
13:08 of 3rd period - Shot by Alexander Semin.
13:08 of 3rd period - Goal by Alexander Semin - Capitals : 2 - Flyers : 1.
13:09 of 3rd period - Boyd Gordon wins face-off versus Tim Connolly in neutral zone.
13:25 of 3rd period - Minor Penalty to Steve Eminger for Interference.
13:26 of 3rd period - Brendan Morrison wins face-off versus Brian Sutherby in Capitals zone.
13:40 of 3rd period - Off-side.
13:41 of 3rd period - Justin Williams wins face-off versus Brian Sutherby in neutral zone.
13:55 of 3rd period - Shot by Tim Connolly.
13:55 of 3rd period - Stopped by Jimmy Howard without a rebound.
13:56 of 3rd period - Brendan Morrison wins face-off versus Jeff Halpern in Capitals zone.
14:15 of 3rd period - Shot by Kevin Bieksa.
14:15 of 3rd period - Deflect By Niklas Hagman.
14:15 of 3rd period - Shot Misses the Net.
14:19 of 3rd period - Shot by Brendan Morrison.
14:19 of 3rd period - Goal by Brendan Morrison - Capitals : 2 - Flyers : 2.
14:20 of 3rd period - Tim Connolly wins face-off versus Matt Stajan in neutral zone.
14:48 of 3rd period - Off-side.
14:49 of 3rd period - Boyd Gordon wins face-off versus Brendan Morrison in neutral zone.
14:51 of 3rd period - Matt Bradley is hit by Kevin Bieksa and loses puck.
14:58 of 3rd period - Shot by Brendan Morrison.
14:58 of 3rd period - Stopped by Jimmy Howard without a rebound.
14:59 of 3rd period - Brendan Morrison wins face-off versus Boyd Gordon in Capitals zone.
15:04 of 3rd period - Shot by Niklas Hagman.
15:04 of 3rd period - Shot Misses the Net.
15:07 of 3rd period - Icing by Steve Eminger.
15:08 of 3rd period - Boyd Gordon wins face-off versus Tim Connolly in Capitals zone.
15:08 of 3rd period - Boyd Gordon is hit by Justin Williams.
15:24 of 3rd period - Andrei Markov is hit by Ryane Clowe and loses puck.
16:26 of 3rd period - Shot by Radim Vrbata.
16:26 of 3rd period - Shot Blocked by Mike Green.
16:30 of 3rd period - Shot by Brendan Morrison.
16:30 of 3rd period - Shot Blocked by Mike Green.
17:23 of 3rd period - Icing by Rob Blake.
17:24 of 3rd period - Brendan Morrison wins face-off versus Jeff Halpern in Flyers zone.
17:24 of 3rd period - Brendan Morrison is hit by Jeff Halpern.
17:49 of 3rd period - Shot by Alexander Semin.
17:49 of 3rd period - Stopped by Tomas Vokoun without a rebound.
17:50 of 3rd period - Boyd Gordon wins face-off versus Tim Connolly in Flyers zone.
17:51 of 3rd period - Shot by Ryane Clowe.
17:51 of 3rd period - Stopped by Tomas Vokoun without a rebound.
17:52 of 3rd period - Boyd Gordon wins face-off versus Tim Connolly in Flyers zone.
18:32 of 3rd period - Shot by Radim Vrbata.
18:32 of 3rd period - Stopped by Jimmy Howard without a rebound.
18:33 of 3rd period - Jeff Halpern wins face-off versus Glen Metropolit in Capitals zone.
19:35 of 3rd period - Niklas Hagman is hit by Douglas Murray.
19:41 of 3rd period - Shot by Niklas Hagman.
19:41 of 3rd period - Shot Misses the Net.
19:45 of 3rd period - Shot by Niklas Hagman.
19:45 of 3rd period - Stopped by Jimmy Howard without a rebound.
19:46 of 3rd period - Alexander Ovechkin wins face-off versus Tim Connolly in Capitals zone.

Overtime #1

0:01 of 1st overtime period - Tim Connolly wins face-off versus Ryane Clowe in neutral zone.
0:21 of 1st overtime period - Shot by Chris Pronger.
0:21 of 1st overtime period - Shot Blocked by Mike Green.
0:25 of 1st overtime period - Shot by Chris Pronger.
0:25 of 1st overtime period - Stopped by Jimmy Howard with a rebound.
0:29 of 1st overtime period - Shot by Chris Pronger.
0:29 of 1st overtime period - Stopped by Jimmy Howard without a rebound.
0:30 of 1st overtime period - Tomas Fleischmann wins face-off versus Niklas Hagman in Capitals zone.
0:49 of 1st overtime period - Shot by Tomas Fleischmann.
0:49 of 1st overtime period - Stopped by Tomas Vokoun without a rebound.
0:50 of 1st overtime period - Alexander Ovechkin wins face-off versus Tim Connolly in Flyers zone.
0:55 of 1st overtime period - Icing by Chris Pronger.
0:56 of 1st overtime period - Tomas Fleischmann wins face-off versus Tim Connolly in Flyers zone.
1:54 of 1st overtime period - Shot by Alexander Ovechkin.
1:54 of 1st overtime period - Shot Blocked by Kevin Bieksa.
2:38 of 1st overtime period - Jochen Hecht is hit by Matt Cooke and loses puck.
3:01 of 1st overtime period - Shot by Ladislav Smid.
3:01 of 1st overtime period - Shot Misses the Net.
3:15 of 1st overtime period - Shot by Rob Blake.
3:15 of 1st overtime period - Stopped by Jimmy Howard without a rebound.
3:16 of 1st overtime period - Alexander Ovechkin wins face-off versus Niklas Hagman in Capitals zone.
3:22 of 1st overtime period - Icing by Mike Green.
3:23 of 1st overtime period - Niklas Hagman wins face-off versus Alexander Ovechkin in Capitals zone.
3:49 of 1st overtime period - Alexander Ovechkin is hit by Niklas Hagman and loses puck.

ShootOut

ShootOut - Penalty Shot by Alexander Ovechkin for Capitals.
ShootOut - Stopped by Tomas Vokoun.
ShootOut - Penalty Shot by Tim Connolly for Flyers.
ShootOut - Shot Misses the Net.
ShootOut - Penalty Shot by Ryane Clowe for Capitals.
ShootOut - Stopped by Tomas Vokoun.
ShootOut - Penalty Shot by Jochen Hecht for Flyers.
ShootOut - Shot Misses the Net.
ShootOut - Penalty Shot by Tomas Fleischmann for Capitals.
ShootOut - Goal by Tomas Fleischmann.
ShootOut - Penalty Shot by Niklas Hagman for Flyers.
ShootOut - Goal by Niklas Hagman.
ShootOut - Penalty Shot by Alexei Kovalev for Capitals.
ShootOut - Goal by Alexei Kovalev.
ShootOut - Penalty Shot by Brendan Morrison for Flyers.
ShootOut - Stopped by Jimmy Howard.


Output by the SimonT Hockey Simulator (STHS) for Stephane Roy -- Original Page W3C XHTML 1.0 Valid